AoeStats
← El Fantasma de Pancho Villa

Black Forest

506796755Analyzed
4v4 RM · 18d ago on Sep 15, 2026· 52m 13s· 8 players
Game mode
Random Map
Map size
Large (8 player)
Population
200
Speed
Normal
Resources
Standard
Victory
Conquest
Starting age
Dark Age
Ending age
Imperial Age
RankedLock teamsTeams togetherTeam positionsShared explorationLock speedFull tech treeHidden civsTurbo modeCheats
Victory
Defeat
🇲🇽 Italians · Mexico
1241
+12
🇲🇽 Britons · Mexico
1150
+16
1130
+16
🇺🇸 Cumans · United States
1093
+18
🇮🇹 Teutons · Italy
1203
-18
🇨🇴 Saracens · Colombia
1135
-15
🇨🇳 Koreans · China
1126
-15
🇫🇷 Vietnamese · France
1106
-14
[GMEX] | The_Spartako
0:39 Loom
12:55 Feudal Age
17:17 Castle Age
15:58 Horse Collar
16:04 Double-Bit Axe
16:11 Fletching
19:35 Bodkin Arrow
29:44 Wheelbarrow
31:54 Imperial Age
31:03 Treadmill Crane
31:44 Ballistics
31:35 Masonry
32:52 Bracer
32:52 Padded Archer Armor
34:28 Chemistry
34:23 Architecture
36:55 Bow Saw
38:20 Hand Cart
39:59 Two-Man Saw
39:38 Conscription
41:29 Hoardings
40:15 Elite Genoese Crossbowman
42:14 Leather Archer Armor
43:59 Heavy Plow
43:47 Town Watch
46:16 Husbandry
47:31 Bloodlines
46:42 Light Cavalry
47:38 Hussar
48:59 Town Patrol
garoumarcos
3:30 Loom
10:46 Feudal Age
15:06 Castle Age
13:30 Double-Bit Axe
14:06 Horse Collar
15:58 Bow Saw
16:25 Heavy Plow
22:11 Wheelbarrow
25:56 Stone Mining
26:03 Gold Mining
29:59 Imperial Age
28:44 Gold Shaft Mining
28:39 Hand Cart
28:20 Fletching
30:00 Bodkin Arrow
30:06 Padded Archer Armor
31:10 Siege Engineers
31:35 Conscription
31:17 Elite Longbowman
32:22 Bracer
32:38 Leather Archer Armor
33:52 Two-Man Saw
34:15 Warwolf
36:14 Ring Archer Armor
36:09 Ballistics
36:49 Chemistry
36:01 Masonry
36:04 Fortified Wall
38:19 Murder Holes
40:15 Guilds
[ GMEX ] Uhtred the Uhtred
0:33 Loom
11:25 Feudal Age
13:28 Feudal Age
18:27 Castle Age
16:15 Double-Bit Axe
19:03 Fishing Lines
19:37 Bow Saw
20:56 Wheelbarrow
21:06 Gillnets
26:40 Horse Collar
27:44 Fletching
28:15 Stone Mining
29:53 Hand Cart
32:41 Imperial Age
31:54 Bodkin Arrow
32:53 Town Watch
33:56 Drill
33:56 Conscription
35:13 Nomads
34:49 Onager
37:05 Chemistry
35:58 Gold Mining
37:22 Hoardings
38:24 Siege Onager
45:08 Scale Barding Armor
45:14 Forging
47:46 Chain Barding Armor
48:03 Iron Casting
49:18 Caravan
51:15 Blast Furnace
49:42 Light Cavalry
50:33 Bloodlines
50:23 Husbandry
51:51 Hussar
El Fantasma de Pancho Villa
9:20 Loom
13:54 Feudal Age
14:38 Man-at-Arms
19:07 Double-Bit Axe
20:05 Forging
19:57 Scale Mail Armor
25:36 Fletching
28:42 Wheelbarrow
33:32 Castle Age
31:31 Gold Mining
33:01 Forging
32:47 Horse Collar
34:35 Hand Cart
37:43 Imperial Age
35:46 Bloodlines
35:58 Heavy Plow
35:45 Fishing Lines
36:59 Scale Barding Armor
37:29 Iron Casting
38:12 Elite Steppe Lancer
39:35 Chain Barding Armor
41:31 Blast Furnace
41:09 Plate Barding Armor
42:26 Blast Furnace
46:56 Gillnets
48:27 Bow Saw
CerealKiller
0:32 Loom
12:09 Feudal Age
16:37 Castle Age
15:56 Double-Bit Axe
15:53 Horse Collar
25:58 Bow Saw
27:01 Wheelbarrow
26:40 Fishing Lines
28:20 Fortified Wall
29:40 Gillnets
30:13 Husbandry
30:27 Bloodlines
33:19 Imperial Age
32:09 Hand Cart
32:02 Fletching
32:40 Scale Barding Armor
32:46 Forging
33:26 Ballistics
33:03 Murder Holes
33:00 Town Watch
33:56 Chain Barding Armor
33:39 Padded Archer Armor
33:03 Elite Skirmisher
34:23 Chain Barding Armor
34:02 Bodkin Arrow
34:25 Thumb Ring
34:59 Bracer
34:24 Imperial Skirmisher
35:01 Heavy Camel Rider
36:39 Iron Casting
36:48 Leather Archer Armor
36:57 Leather Archer Armor
36:55 Masonry
36:59 Heavy Plow
37:26 Conscription
38:00 Caravan
39:15 Ring Archer Armor
40:32 Plate Barding Armor
40:57 Blast Furnace
41:33 Chemistry
41:42 Siege Engineers
42:45 Two-Man Saw
41:29 Treadmill Crane
46:16 Hoardings
MrBigPotato
10:56 Feudal Age
17:02 Castle Age
15:01 Horse Collar
15:11 Double-Bit Axe
18:02 Bow Saw
20:50 Forging
21:00 Pikeman
23:11 Squires
23:10 Fletching
24:03 Bodkin Arrow
25:42 Heavy Plow
25:36 Gold Mining
27:44 Wheelbarrow
28:19 Hand Cart
28:34 Padded Archer Armor
28:22 Town Watch
31:50 Imperial Age
30:12 Thumb Ring
29:43 Elite Skirmisher
31:25 Leather Archer Armor
34:05 Chemistry
34:46 Imperial Skirmisher
35:57 Bracer
40:15 Ballistics
39:46 Heated Shot
40:03 Siege Engineers
43:11 Ring Archer Armor
43:17 Iron Casting
42:43 Scale Mail Armor
44:10 Halberdier
49:20 Arson
49:59 Fortified Wall
49:35 Arrowslits
49:41 Guard Tower
lord69mark
0:59 Loom
11:18 Feudal Age
14:54 Castle Age
13:31 Double-Bit Axe
14:49 Fletching
15:48 Bow Saw
16:03 Crossbowman
24:58 Horse Collar
29:58 Wheelbarrow
30:28 Bodkin Arrow
35:26 Imperial Age
33:54 Scale Barding Armor
34:04 Heavy Plow
34:51 Bloodlines
36:50 Conscription
36:33 Gold Mining
37:38 Hand Cart
36:45 Cavalier
37:28 Stone Mining
38:23 Forging
39:25 Chemistry
40:53 Paladin
43:14 Iron Casting
44:13 Chain Barding Armor
45:15 Stone Shaft Mining
45:40 Two-Man Saw
44:34 Town Watch
46:48 Fortified Wall
46:49 Masonry
46:45 Siege Engineers
47:01 Ballistics
46:26 Arrowslits
panda
1:50 Loom
11:25 Feudal Age
15:48 Castle Age
14:35 Double-Bit Axe
15:28 Horse Collar
24:51 Wheelbarrow
26:42 Hand Cart
29:27 Imperial Age
27:07 Fletching
27:35 Bow Saw
27:46 Heavy Plow
28:11 Hand Cart
27:48 Town Watch
28:36 Bodkin Arrow
29:09 Ballistics
28:26 Crossbowman
28:54 Elite Skirmisher
29:32 Arbalester
29:57 Imperial Skirmisher
31:25 Bracer
31:44 Thumb Ring
32:40 Scale Mail Armor
32:51 Forging
34:16 Chemistry
33:22 Gold Mining
35:04 Masonry
34:19 Heavy Rocket Cart
34:43 Elite Fire Lancer
35:24 Squires
37:35 Two-Man Saw
36:30 Stone Mining
37:16 Gold Shaft Mining
37:29 Siege Engineers
38:12 Conscription
38:41 Chain Mail Armor
37:53 Pikeman
38:19 Arson
39:12 Iron Casting
42:12 Halberdier
44:04 Husbandry
45:57 Guilds
45:52 Caravan
46:35 Scale Barding Armor
47:02 Plate Mail Armor
46:06 Light Cavalry
47:22 Hussar
50:17 Stone Shaft Mining
51:07 Chain Barding Armor
Connection lost

Rejoining the realm…

Still unreachable

The connection could not be restored.

Session expired

The server has moved on; the page needs a fresh start.